 Dungeon Crawl Stone Soup version 0.26-a0-707-g31817bcca1 (webtiles) character file.

Game seed: 1552859995772913872

2334 Ijustatesigmund the Chopper (level 9, -1/63 HPs)
             Began as an Octopode Fighter on Oct 26, 2020.
             Was a Believer of Okawaru.
             Slain by an ice beast (13 damage)
             ... on level 8 of the Dungeon.
             The game lasted 00:13:18 (8125 turns).

Ijustatesigmund the Chopper (Octopode Fighter)      Turns: 8125, Time: 00:13:18

Health: -1/63      AC:  1    Str: 15    XL:     9   Next: 42%
Magic:  12/12      EV: 14    Int: 16    God:    Okawaru [**....]
Gold:   111        SH: 11    Dex: 15    Spells: 8/8 levels left

rFire    . . .     SeeInvis .   a - +3 war axe
rCold    . . .     Faith    .   b - +1 kite shield
rNeg     . . .     Spirit   .   (helmet restricted)
rPois    .         Reflect  .   (no amulet)
rElec    .         Harm     .   q - +6 ring of intelligence
rCorr    .         Rampage  .   (no ring)
MR       .....                  (no ring)
Stlth    ++........             (no ring)
HPRegen  0.20/turn              (no ring)
MPRegen  0.13/turn              (no ring)
                                (no ring)
                                (no ring)

@: mighty
A: almost no armour, stealthy swim, amphibious, 8 rings, constrict 8, camouflage
1, mutation resistance 1, gelatinous body 1
a: Heroism, Renounce Religion


You were on level 8 of the Dungeon.
You worshipped Okawaru.
Okawaru was pleased with you.
You visited 2 branches of the dungeon, and saw 9 of its levels.

You collected 422 gold pieces.
You spent 311 gold pieces at shops.

Inventory:

Hand Weapons
 a - a +3 war axe (weapon)
 y - a +2 morningstar of pain
Missiles
 l - 6 poisoned darts
 o - 5 atropa-tipped darts (quivered)
Armour
 b - a +1 kite shield (worn)
Jewellery
 q - a +6 ring of intelligence (left tentacle)
 z - an uncursed ring of ice {unknown}
Wands
 d - a wand of digging (6)
 h - a wand of paralysis (12)
 j - a wand of random effects (15)
 s - a wand of iceblast (9)
Scrolls
 e - 2 scrolls of enchant armour
 g - a scroll of amnesia
 m - 3 scrolls of teleportation
 n - a scroll of remove curse
 r - a scroll of magic mapping
 t - a scroll of holy word
 v - 2 scrolls of identify
 w - a scroll of blinking
 x - a scroll of enchant weapon
Potions
 f - a potion of stabbing
 i - 2 potions of ambrosia
 k - 4 potions of flight
 p - a potion of invisibility
 u - 2 potions of heal wounds


   Skills:
 + Level 6.7 Fighting
 + Level 7.2 Axes
 + Level 5.6 Dodging
 + Level 5.6 Shields
 + Level 4.7 Invocations


You had 8 spell levels left.
You didn't know any spells.
Your spell library contained the following spells:

 Spells                   Type           Power        Failure   Level
 Shock                    Conj/Air       #...         63%         1
 Swiftness                Air            #.......     77%         2
 Static Discharge         Conj/Air       #.......     94%         3
 Airstrike                Air            #.........   100%        4
 Cause Fear               Hex            #.........   100%        4
 Lightning Bolt           Conj/Air       #.........   100%        5
 Silence                  Hex/Air        #.........   100%        5
 Yara's Violent Unravell  Hex/Tmut       #.........   100%        5
 Discord                  Hex            #.........   100%        8


Dungeon Overview and Level Annotations

Branches:
Dungeon (8/15)             Temple (1/1) D:4
   Lair: D:8-11

Altars:
Ashenzari
Cheibriados
Elyvilon
Fedhas
Gozag
Hepliaklqana
Kikubaaqudgha
Makhleb
Nemelex Xobeh
Okawaru
Qazlal
Ru
Sif Muna
Trog
Uskayaw
Vehumet
Wu Jian
Xom
Yredelemnul
Zin
The Shining One

Shops:
D:4 *[   D:6 ?*

Annotations:
D:5 5 runed translucent doors


Innate Abilities, Weirdness & Mutations

You cannot wear most types of armour.
You are very stealthy in the water. (Stealth+)
You are amphibious.
You can wear up to eight rings at the same time.
You can use your tentacles to constrict eight enemies at once.
Your skin changes colour to match your surroundings (Stealth+).
Your rubbery body absorbs attacks. (AC +1, EV +1)
You are somewhat resistant to further mutation.


Message History

You block the ice beast's attack.
You closely miss the ice beast.
The ice beast is severely wounded.
You block the ice beast's attack. The ice beast hits you.
The ice beast freezes you!
You closely miss the ice beast.
The ice beast is severely wounded.
The ice beast hits you. The ice beast freezes you!
* * * LOW HITPOINT WARNING * * *
You are too injured to fight recklessly!
You are too injured to fight recklessly!
You are too injured to fight recklessly!
You are too injured to fight recklessly!
You are too injured to fight recklessly!
You are too injured to fight recklessly!
You feel very mighty all of a sudden. The ice beast hits you.
* * * LOW HITPOINT WARNING * * *
The ice beast freezes you!
You die...

#.........
#..###.#.. #..#
# . #..# .#.#
#######..###...#
#...............
#...#.........#.
###$$.....>...?.
##.(..@......#
##....Y....##
#.........#
#........##
###.###.... ...
..... ... ....
... .###


You could see an ice beast.

Vanquished Creatures
  Maggie (D:7)
  Edmund (D:5)
  A sky beast (D:5)
  An orc warrior (D:6)
  A black bear (D:6)
  A phantom (D:4)
  A centaur (D:6)
  6 ogres
  2 bullfrogs
  2 scorpions
  A quasit (D:7)
  A bullfrog zombie (D:6)
  A hound (D:3)
  7 orc wizards
  An orc priest (D:5)
  A jelly (D:7)
  Ijyb (D:3)
  5 worker ants
  An iguana (D:7)
  A worker ant zombie (D:6)
  7 adders
  2 river rats (D:3)
  2 shadow imps
  An ufetubus (D:7)
  An ooze (D:7)
  4 worms
  3 dart slugs
  5 leopard geckos
  24 orcs
  10 giant cockroaches
  9 goblins
  10 hobgoblins
  10 jackals (D:3)
  6 kobolds
  4 quokkas
  2 ball pythons
  10 bats
  5 frilled lizards
  7 rats (D:1)
159 creatures vanquished.

Notes
Turn   | Place    | Note
-------+----------+-------------------------------------------
     0 | D:1      | Ijustatesigmund the Octopode Fighter began the quest for
                  | the Orb.
     0 | D:1      | Reached XP level 1. HP: 16/16 MP: 1/1
    24 | D:1      | You fall into a shaft and drop 1 floor!
   119 | D:2      | Reached XP level 2. HP: 21/21 MP: 2/2
   389 | D:2      | Reached skill level 3 in Axes
   389 | D:2      | Reached XP level 3. HP: 26/26 MP: 3/3
   523 | D:1      | Found a shimmering altar of Xom.
  1526 | D:3      | Reached XP level 4. HP: 32/32 MP: 4/4
  2148 | D:3      | Reached skill level 4 in Axes
  2222 | D:3      | Noticed Ijyb
  2229 | D:3      | Killed Ijyb
  2229 | D:3      | Reached XP level 5. HP: 33/37 MP: 5/5
  2527 | D:3      | Found a burning altar of Makhleb.
  2999 | D:3      | Reached skill level 5 in Axes
  3070 | D:3      | Reached XP level 6. HP: 40/44 MP: 6/6
  3494 | D:4      | Noticed a phantom
  3503 | D:4      | Killed a phantom
  3855 | D:4      | Found Zin's Purification Station.
  3861 | D:4      | Found a staircase to the Ecumenical Temple.
  3872 | Temple   | Entered the Ecumenical Temple
  4015 | Temple   | Became a worshipper of Warmaster Okawaru
  4044 | D:4      | Found a glowing silver altar of Zin.
  4081 | D:4      | Found Jexuhari's Armour Shoppe.
  4121 | D:4      | Reached XP level 7. HP: 18/49 MP: 7/7
  4420 | D:4      | Found a bloodstained altar of Trog.
  4421 | D:4      | You fall into a shaft and drop 1 floor!
  4421 | D:5      | Entered Level 5 of the Dungeon
  4424 | D:5      | Found a runed translucent gate.
  4424 | D:5      | Found a runed translucent gate.
  4424 | D:5      | Noticed a soldier ant
  4424 | D:5      | Noticed a soldier ant
  4424 | D:5      | Noticed a soldier ant
  4428 | D:5      | Found a runed translucent door.
  4505 | D:5      | Found the +9 staff of Olgreb {rPois∞}
  4814 | D:5      | Reached skill level 5 in Fighting
  4814 | D:5      | Reached skill level 1 in Invocations
  5220 | D:5      | Noticed a soldier ant
  5247 | D:5      | Reached * piety under Okawaru
  5250 | D:5      | Reached skill level 6 in Axes
  5252 | D:5      | Reached XP level 8. HP: 42/56 MP: 9/9
  5252 | D:5      | Noticed Edmund
  5264 | D:5      | Killed Edmund
  5594 | D:5      | Found a runed translucent gate.
  5731 | D:5      | Found a runed translucent door.
  6449 | D:6      | Found Jisuts's Magic Scroll Boutique.
  6601 | D:6      | Bought a scroll of identify for 28 gold pieces
  6601 | D:6      | Bought a scroll of identify for 28 gold pieces
  6603 | D:6      | Bought a scroll of identify for 28 gold pieces
  6604 | D:6      | Gained mutation: You are somewhat resistant to further
                  | mutation. [potion of mutation]
  6738 | D:6      | Found a basalt altar of Yredelemnul.
  6798 | D:6      | Reached skill level 5 in Shields
  6888 | D:6      | Noticed an angel
  6892 | D:6      | Found a white marble altar of Elyvilon.
  6893 | D:6      | Found Icruqoogh's Hallowed Reliquary.
  6897 | D:6      | Bought a scroll of holy word for 97 gold pieces
  6897 | D:6      | Bought 2 potions of heal wounds for 130 gold pieces
  7060 | D:7      | Reached skill level 5 in Dodging
  7221 | D:7      | Reached XP level 9. HP: 62/62 MP: 10/12
  7340 | D:7      | Reached ** piety under Okawaru
  7606 | D:7      | Reached skill level 7 in Axes
  7822 | D:7      | Noticed Maggie
  7832 | D:7      | Killed Maggie
  8125 | D:8      | Slain by an ice beast

Illustrated notes

Levels and vault maps discovered:
D:1:      psy_arrival_basics, layout_basic, xom_teletrap_fun
D:2:      layout_basic
D:3:      mumra_celtic_spiral_tile, layout_loops_ring, gup_sewer_entry_spiral,
          minmay_misc_feat_rugged, makhleb_blood_cavern_becter, uniq_ijyb
D:4:      layout_basic, lightli_temple_of_fire, zin_purify, temple_fountains,
          serial_shops, shop
D:5:      minmay_evil_eye, layout_loops_ring,
          minmay_guarded_unrand_staff_of_olgreb, uniq_edmund
D:6:      layout_basic, kennysheep_mini, serial_shops, nicolae_shop_stone,
          nicolae_good_shop
D:7:      layout_loops_ring, uniq_maggie
D:8:      layout_rooms, grunt_dithmenos_shadows,
          gammafunk_ghost_berserking_beasts
Temple:   regret_index_temple_mists

Skill      XL: |  1  2  3  4  5  6  7  8  9 |
---------------+----------------------------+-----
Axes           | 3 4 5 6 7 |  7.2
Fighting       | 4 5 6 |  6.7
Invocations    | 2 4 |  4.7
Dodging        | 4 5 |  5.6
Shields        | 4 5 |  5.6

Action                   |  1- 3 |  4- 6 |  7- 9 || total
-------------------------+-------+-------+-------++-------
Melee: War axe           |    70 |   102 |   153 ||   325
       Constrict         |    19 |    30 |    28 ||    77
       Tentacles         |    13 |    21 |    32 ||    66
       Punch             |       |       |     1 ||     1
Throw: Dart              |       |       |    15 ||    15
Invok: Heroism           |       |       |     2 ||     2
  Use: Scroll            |     6 |     7 |    11 ||    24
       Potion            |       |       |     7 ||     7
 Stab: Sleeping          |     9 |     7 |     7 ||    23
       Invisible         |       |       |     2 ||     2
Armor: Skin              |     6 |     4 |    14 ||    24
Dodge: Dodged            |    32 |    56 |    64 ||   152
Block: Kite shield       |    24 |    64 |    63 ||   151

Table legend: (Time is in decaauts)
 A = Elapsed time spent in this place.
 B = Non-inter-level travel time spent in this place.
 C = Inter-level travel time spent in this place.
 D = Time resting spent in this place.
 E = Time spent auto-exploring this place.
 F = Levels seen in this place.
 G = Mean time per level.
                   A        B        C        D        E       F      G
               +--------+--------+--------+--------+--------+-----+--------+
         Total |   8225 |   7745 |    480 |   1142 |   5532 |   9 |  913.9 |
       Dungeon |   8073 |   7632 |    441 |   1142 |   5420 |   8 | 1009.1 |
        Temple |    152 |    113 |     39 |      0 |    112 |   1 |  152.0 |
               +--------+--------+--------+--------+--------+-----+--------+

Top non-repeatable levels by time:
     D:3: 1978 daAuts
     D:6: 1275 daAuts
     D:5: 1247 daAuts
     D:7: 1023 daAuts
     D:4: 947 daAuts
     D:1: 834 daAuts
     D:2: 705 daAuts
  Temple: 152 daAuts
     D:8: 61 daAuts
